[ AOE2 MATCH · #484784274 ]
UnrankedBengalis vs Malay
[ REPLAY ANALYSIS · EXTRACTED FROM THE RECORDED GAME ]
Feudal
12:23
Castle
16:03
Imperial
33:29
| APM avg | 42.3 |
| APM peak | 84 |
| eAPM avg | 20.6 |
| Villagers / military | 144 / 125 |
Focus
⚔️ 37.0% · 🌾 63.0%
Ratha (Ranged) ×125
Feudal
13:03
Castle
21:09
Imperial
38:33
| APM avg | 31.8 |
| APM peak | 60 |
| eAPM avg | 20.8 |
| Villagers / military | 154 / 396 |
Focus
⚔️ 44.9% · 🌾 55.1%
Battle Elephant ×235 · Karambit Warrior ×157 · Fishing Ship ×20 · Battering Ram ×4
Feudal
12:44
Castle
33:14
Imperial
—
| APM avg | 35.9 |
| APM peak | 89 |
| eAPM avg | 21.2 |
| Villagers / military | 202 / 15 |
Focus
⚔️ 28.6% · 🌾 71.4%
Spearman ×13 · Serjeant ×2
Feudal
13:18
Castle
17:14
Imperial
32:04
| APM avg | 43.7 |
| APM peak | 94 |
| eAPM avg | 28.0 |
| Villagers / military | 195 / 2 |
Focus
⚔️ 41.0% · 🌾 59.0%
Unknown (1944) ×287 · Unknown (1942) ×10 · Monk ×1 · Mangonel ×1
Feudal
12:58
Castle
16:30
Imperial
36:09
| APM avg | 38.8 |
| APM peak | 97 |
| eAPM avg | 26.7 |
| Villagers / military | 272 / 774 |
Focus
⚔️ 41.9% · 🌾 58.1%
Militia ×417 · Spearman ×350 · Trebuchet (Packed) ×7
Feudal
12:55
Castle
16:54
Imperial
50:50
| APM avg | 45.9 |
| APM peak | 113 |
| eAPM avg | 31.9 |
| Villagers / military | 236 / 89 |
Focus
⚔️ 34.3% · 🌾 65.7%
Knight ×67 · Throwing Axeman ×22
Feudal
12:43
Castle
17:29
Imperial
37:09
| APM avg | 39.1 |
| APM peak | 84 |
| eAPM avg | 18.9 |
| Villagers / military | 92 / 52 |
Focus
⚔️ 34.2% · 🌾 65.8%
Plumed Archer ×45 · Spearman ×3 · Scorpion ×2 · Mangonel ×1 · Trebuchet (Packed) ×1
Feudal
11:18
Castle
25:58
Imperial
45:45
| APM avg | 57.3 |
| APM peak | 94 |
| eAPM avg | 32.3 |
| Villagers / military | 152 / 167 |
Focus
⚔️ 24.9% · 🌾 75.1%
Skirmisher ×106 · Berserk ×42 · Archer ×17 · Monk ×2
Match map
Initial resources + every placement click. Lines = walls · curves = elevation contours. ◆ gold · ⬟ stone · ● berries · ✦ relic · ◌ wall gap
Your base· Open — unwalled flank
Pelopincho's base· Open — 4t gap
mamonie's base· Open — unwalled flank
guillomee.11's base· Open — unwalled flank
The Get Sum's base· Open — unwalled flank
TAG_Sitaux's base· Open — unwalled flank
Sunny Day's base· Open — 15t gap
elloulito's base· Open — unwalled flank
Smoothed initial terrain · ◌ = detected wall gap · hover for details
Inputs per minute
— .... - - Pelopincho
Build order — ....
First 150 of 380 actions detected
| 0:07 | Build | Town Center |
| 2:14 | Build | House |
| 2:32 | Create | Villager (Male) |
| 2:32 | Create | Villager (Male) |
| 2:33 | Create | Villager (Male) |
| 2:33 | Create | Villager (Male) |
| 2:33 | Create | Villager (Male) |
| 3:26 | Create | Villager (Male) |
| 3:27 | Create | Villager (Male) |
| 4:17 | Create | Villager (Male) |
| 4:33 | Create | Villager (Male) |
| 4:33 | Create | Villager (Male) |
| 4:43 | Build | House |
| 4:46 | Build | Lumber Camp |
| 5:24 | Create | Villager (Male) |
| 5:25 | Create | Villager (Male) |
| 5:25 | Create | Villager (Male) |
| 5:25 | Create | Villager (Male) |
| 5:39 | Create | Villager (Male) |
| 5:39 | Create | Villager (Male) |
| 5:52 | Build | House |
| 6:06 | Create | Villager (Male) |
| 6:06 | Create | Villager (Male) |
| 6:53 | Build | House |
| 7:03 | Create | Villager (Male) |
| 7:03 | Create | Villager (Male) |
| 7:21 | Create | Villager (Male) |
| 7:24 | Build | House |
| 7:35 | Create | Villager (Male) |
| 8:01 | Build | House |
| 8:19 | Build | House |
| 8:28 | Build | Mill |
| 8:45 | Create | Villager (Male) |
| 8:53 | Build | House |
| 9:12 | Create | Villager (Male) |
| 9:47 | Build | House |
| 10:00 | Build | Mining Camp |
| 10:04 | Research | Loom |
| 10:13 | Research | Feudal Age |
| 11:44 | Create | Villager (Male) |
| 11:44 | Create | Villager (Male) |
| 12:23 | Age | Feudal Age |
| 12:30 | Build | Market |
| 12:32 | Build | Blacksmith |
| 12:47 | Build | Palisade Wall |
| 12:51 | Build | Palisade Gate |
| 13:23 | Research | Castle Age |
| 13:23 | Research | Castle Age |
| 14:03 | Research | Double-Bit Axe |
| 14:36 | Research | Loom |
| 15:24 | Build | House |
| 15:33 | Research | Padded Archer Armor |
| 15:36 | Research | Fletching |
| 15:41 | Create | Villager (Male) |
| 16:03 | Age | Castle Age |
| 16:11 | Build | Castle |
| 16:29 | Create | Villager (Male) |
| 16:36 | Build | Town Center |
| 17:15 | Create | Ratha (Ranged) |
| 17:15 | Create | Ratha (Ranged) |
| 17:18 | Create | Villager (Male) |
| 17:39 | Create | Ratha (Ranged) |
| 17:39 | Create | Ratha (Ranged) |
| 17:47 | Create | Villager (Male) |
| 17:47 | Create | Villager (Male) |
| 18:11 | Create | Villager (Male) |
| 18:38 | Create | Villager (Male) |
| 18:41 | Create | Villager (Male) |
| 18:41 | Create | Villager (Male) |
| 18:41 | Create | Villager (Male) |
| 18:56 | Create | Villager (Male) |
| 19:07 | Create | Villager (Male) |
| 19:10 | Build | University |
| 19:17 | Create | Villager (Male) |
| 19:17 | Create | Villager (Male) |
| 19:19 | Create | Ratha (Ranged) |
| 19:19 | Create | Ratha (Ranged) |
| 19:46 | Research | Bow Saw |
| 19:48 | Create | Villager (Male) |
| 19:48 | Create | Villager (Male) |
| 20:07 | Create | Ratha (Ranged) |
| 20:32 | Create | Villager (Male) |
| 20:40 | Build | Town Center |
| 21:05 | Research | Town Watch |
| 21:22 | Research | Ballistics |
| 21:31 | Create | Villager (Male) |
| 21:32 | Create | Villager (Male) |
| 21:32 | Create | Villager (Male) |
| 21:41 | Build | House |
| 21:42 | Build | House |
| 21:45 | Create | Ratha (Ranged) |
| 21:45 | Create | Ratha (Ranged) |
| 22:02 | Create | Villager (Male) |
| 22:02 | Create | Villager (Male) |
| 22:02 | Create | Villager (Male) |
| 22:37 | Create | Villager (Male) |
| 22:42 | Create | Ratha (Ranged) |
| 23:01 | Create | Villager (Male) |
| 23:13 | Research | Bodkin Arrow |
| 23:13 | Research | Bodkin Arrow |
| 23:28 | Create | Villager (Male) |
| 23:29 | Create | Villager (Male) |
| 23:30 | Create | Ratha (Ranged) |
| 23:31 | Create | Ratha (Ranged) |
| 23:31 | Create | Ratha (Ranged) |
| 23:36 | Build | Town Center |
| 23:58 | Create | Ratha (Ranged) |
| 24:20 | Create | Villager (Male) |
| 24:20 | Create | Villager (Male) |
| 24:21 | Create | Ratha (Ranged) |
| 24:21 | Create | Ratha (Ranged) |
| 24:52 | Create | Villager (Male) |
| 25:11 | Build | Farm |
| 25:12 | Build | Farm |
| 25:15 | Build | Farm |
| 25:16 | Build | Farm |
| 25:30 | Create | Villager (Male) |
| 25:30 | Create | Villager (Male) |
| 25:31 | Create | Ratha (Ranged) |
| 25:52 | Build | Mill |
| 25:56 | Create | Villager (Male) |
| 25:56 | Create | Villager (Male) |
| 25:56 | Create | Villager (Male) |
| 25:57 | Create | Villager (Male) |
| 25:59 | Create | Ratha (Ranged) |
| 26:00 | Create | Ratha (Ranged) |
| 26:00 | Create | Ratha (Ranged) |
| 26:15 | Build | Farm |
| 26:17 | Build | Farm |
| 26:18 | Build | Farm |
| 26:19 | Create | Villager (Male) |
| 26:19 | Create | Villager (Male) |
| 26:19 | Create | Villager (Male) |
| 26:43 | Create | Ratha (Ranged) |
| 26:47 | Build | Farm |
| 26:48 | Build | Farm |
| 26:55 | Research | Wheelbarrow |
| 26:56 | Create | Villager (Male) |
| 26:56 | Create | Villager (Male) |
| 27:12 | Create | Villager (Male) |
| 27:12 | Create | Villager (Male) |
| 27:12 | Create | Ratha (Ranged) |
| 27:13 | Create | Ratha (Ranged) |
| 27:28 | Create | Villager (Male) |
| 27:28 | Create | Villager (Male) |
| 27:28 | Create | Ratha (Ranged) |
| 27:29 | Create | Ratha (Ranged) |
| 27:31 | Build | House |
| 27:35 | Build | House |
| 27:54 | Create | Villager (Male) |
Build order — Pelopincho
First 150 of 644 actions detected
| 0:12 | Build | Town Center |
| 0:51 | Build | House |
| 2:38 | Create | Villager (Male) |
| 2:38 | Create | Villager (Male) |
| 2:39 | Create | Villager (Male) |
| 2:39 | Create | Villager (Male) |
| 2:39 | Create | Villager (Male) |
| 3:10 | Research | Loom |
| 3:11 | Create | Villager (Male) |
| 3:11 | Create | Villager (Male) |
| 3:11 | Create | Villager (Male) |
| 3:18 | Build | House |
| 3:43 | Build | House |
| 3:59 | Create | Villager (Male) |
| 4:03 | Build | House |
| 5:01 | Create | Villager (Male) |
| 5:01 | Create | Villager (Male) |
| 5:31 | Build | Lumber Camp |
| 5:51 | Create | Villager (Male) |
| 5:51 | Create | Villager (Male) |
| 6:01 | Build | House |
| 6:16 | Build | House |
| 6:36 | Create | Villager (Male) |
| 6:36 | Create | Villager (Male) |
| 6:37 | Create | Villager (Male) |
| 6:46 | Build | House |
| 6:48 | Build | House |
| 7:02 | Create | Villager (Male) |
| 7:02 | Create | Villager (Male) |
| 7:23 | Create | Villager (Male) |
| 7:23 | Create | Villager (Male) |
| 8:14 | Create | Villager (Male) |
| 8:15 | Create | Villager (Male) |
| 8:47 | Create | Villager (Male) |
| 8:48 | Create | Villager (Male) |
| 8:48 | Create | Villager (Male) |
| 8:48 | Create | Villager (Male) |
| 9:57 | Build | Dock |
| 10:03 | Create | Villager (Male) |
| 10:21 | Create | Villager (Male) |
| 10:22 | Create | Fishing Ship |
| 10:51 | Create | Villager (Male) |
| 11:02 | Build | House |
| 11:04 | Build | Barracks |
| 11:05 | Create | Fishing Ship |
| 11:20 | Create | Villager (Male) |
| 11:45 | Research | Feudal Age |
| 12:19 | Create | Fishing Ship |
| 12:34 | Build | House |
| 12:38 | Build | House |
| 13:03 | Age | Feudal Age |
| 13:05 | Create | Villager (Male) |
| 13:10 | Create | Villager (Male) |
| 13:19 | Create | Fishing Ship |
| 13:29 | Create | Villager (Male) |
| 13:31 | Research | Double-Bit Axe |
| 14:04 | Build | Stable |
| 14:13 | Create | Villager (Male) |
| 14:16 | Research | Town Watch |
| 14:20 | Create | Villager (Male) |
| 14:32 | Create | Villager (Male) |
| 14:55 | Build | Dock |
| 15:01 | Create | Villager (Male) |
| 15:08 | Build | Blacksmith |
| 15:12 | Build | House |
| 15:14 | Build | House |
| 15:19 | Create | Villager (Male) |
| 15:45 | Create | Fishing Ship |
| 15:47 | Research | Tech 906 |
| 16:18 | Research | Wheelbarrow |
| 16:21 | Create | Fishing Ship |
| 16:26 | Create | Fishing Ship |
| 17:01 | Build | Palisade Wall |
| 17:05 | Build | Palisade Wall |
| 17:12 | Create | Fishing Ship |
| 17:12 | Create | Fishing Ship |
| 17:18 | Build | Fish Trap |
| 17:26 | Build | Fish Trap |
| 17:34 | Build | Fish Trap |
| 17:44 | Build | House |
| 17:47 | Create | Villager (Male) |
| 17:48 | Create | Villager (Male) |
| 18:05 | Create | Villager (Male) |
| 18:10 | Build | Stable |
| 18:25 | Create | Fishing Ship |
| 18:25 | Create | Fishing Ship |
| 18:31 | Build | Fish Trap |
| 18:35 | Build | Fish Trap |
| 18:51 | Create | Villager (Male) |
| 19:06 | Build | Mill |
| 19:12 | Build | House |
| 19:20 | Build | Fish Trap |
| 19:33 | Research | Castle Age |
| 19:33 | Research | Castle Age |
| 19:42 | Build | Market |
| 19:48 | Create | Villager (Male) |
| 20:02 | Create | Fishing Ship |
| 20:02 | Create | Fishing Ship |
| 20:24 | Research | Scale Barding Armor |
| 20:24 | Research | Scale Barding Armor |
| 20:47 | Build | Fish Trap |
| 20:50 | Build | Stable |
| 20:56 | Build | Fish Trap |
| 21:09 | Age | Castle Age |
| 21:09 | Build | Fish Trap |
| 21:12 | Create | Villager (Male) |
| 21:15 | Research | Gillnets |
| 21:17 | Research | Bow Saw |
| 21:20 | Create | Battle Elephant |
| 21:20 | Create | Battle Elephant |
| 21:40 | Create | Villager (Male) |
| 21:51 | Build | House |
| 21:52 | Build | House |
| 21:54 | Build | House |
| 22:08 | Create | Fishing Ship |
| 22:15 | Create | Villager (Male) |
| 22:15 | Create | Villager (Male) |
| 22:18 | Build | Town Center |
| 22:31 | Build | Lumber Camp |
| 22:39 | Create | Battle Elephant |
| 22:39 | Create | Battle Elephant |
| 22:39 | Create | Battle Elephant |
| 22:45 | Create | Battle Elephant |
| 22:45 | Create | Battle Elephant |
| 22:52 | Create | Villager (Male) |
| 22:58 | Create | Villager (Male) |
| 22:58 | Create | Villager (Male) |
| 22:58 | Create | Villager (Male) |
| 23:07 | Build | Fish Trap |
| 23:07 | Create | Villager (Male) |
| 23:08 | Create | Villager (Male) |
| 23:11 | Create | Fishing Ship |
| 23:11 | Create | Fishing Ship |
| 23:34 | Create | Villager (Male) |
| 23:36 | Create | Battle Elephant |
| 23:36 | Create | Battle Elephant |
| 23:46 | Create | Villager (Male) |
| 23:46 | Create | Villager (Male) |
| 23:54 | Create | Villager (Male) |
| 23:54 | Create | Villager (Male) |
| 24:01 | Build | Dock |
| 24:09 | Build | Farm |
| 24:10 | Build | Farm |
| 24:10 | Build | Farm |
| 24:11 | Build | Farm |
| 24:11 | Build | Farm |
| 24:11 | Build | Farm |
| 24:12 | Build | Farm |
| 24:12 | Build | Farm |
| 24:17 | Create | Battle Elephant |
Build order — mamonie
First 150 of 407 actions detected
| 0:53 | Build | Town Center |
| 2:47 | Build | House |
| 2:52 | Build | House |
| 2:53 | Create | Villager (Male) |
| 2:53 | Create | Villager (Male) |
| 2:53 | Create | Villager (Male) |
| 2:53 | Create | Villager (Male) |
| 2:57 | Build | House |
| 3:01 | Build | House |
| 3:32 | Build | House |
| 4:23 | Create | Villager (Male) |
| 4:23 | Create | Villager (Male) |
| 4:54 | Build | Mill |
| 5:00 | Create | Villager (Male) |
| 5:01 | Create | Villager (Male) |
| 5:01 | Create | Villager (Male) |
| 5:13 | Create | Villager (Male) |
| 5:13 | Create | Villager (Male) |
| 5:14 | Create | Villager (Male) |
| 5:14 | Create | Villager (Male) |
| 5:23 | Create | Villager (Male) |
| 5:23 | Create | Villager (Male) |
| 6:13 | Create | Villager (Male) |
| 6:29 | Create | Villager (Male) |
| 6:29 | Create | Villager (Male) |
| 6:30 | Create | Villager (Male) |
| 6:57 | Create | Villager (Male) |
| 6:57 | Create | Villager (Male) |
| 7:32 | Create | Villager (Male) |
| 8:13 | Build | Donjon |
| 8:30 | Create | Villager (Male) |
| 8:30 | Research | Loom |
| 9:31 | Build | Lumber Camp |
| 9:36 | Create | Villager (Male) |
| 10:09 | Create | Villager (Male) |
| 10:23 | Research | Feudal Age |
| 10:23 | Research | Feudal Age |
| 10:32 | Build | Mining Camp |
| 10:47 | Build | Outpost |
| 10:54 | Build | Palisade Wall |
| 10:54 | Build | Palisade Wall |
| 10:54 | Build | Palisade Wall |
| 11:12 | Build | Palisade Wall |
| 11:14 | Build | Palisade Wall |
| 11:20 | Build | Outpost |
| 11:26 | Build | Palisade Wall |
| 11:27 | Build | Palisade Wall |
| 11:27 | Build | Palisade Wall |
| 11:28 | Build | Palisade Wall |
| 11:29 | Build | Palisade Wall |
| 11:29 | Build | Palisade Wall |
| 11:30 | Build | Palisade Wall |
| 11:31 | Build | Palisade Wall |
| 11:32 | Build | Palisade Wall |
| 11:34 | Create | Villager (Male) |
| 11:41 | Build | House |
| 12:05 | Build | Palisade Wall |
| 12:07 | Build | Palisade Wall |
| 12:44 | Age | Feudal Age |
| 12:49 | Research | Town Watch |
| 13:02 | Build | Stone Wall |
| 13:04 | Build | Stone Wall |
| 13:13 | Build | Donjon |
| 13:20 | Build | Stone Wall |
| 13:22 | Build | Stone Wall |
| 13:25 | Build | Stone Wall |
| 13:33 | Create | Villager (Male) |
| 13:35 | Research | Double-Bit Axe |
| 13:35 | Research | Horse Collar |
| 13:39 | Build | Stone Wall |
| 13:51 | Create | Villager (Male) |
| 13:51 | Create | Villager (Male) |
| 13:54 | Create | Serjeant |
| 13:54 | Create | Serjeant |
| 14:32 | Build | Mining Camp |
| 15:02 | Build | Donjon |
| 15:04 | Create | Villager (Male) |
| 15:04 | Create | Villager (Male) |
| 15:06 | Build | House |
| 15:09 | Build | Blacksmith |
| 15:38 | Create | Villager (Male) |
| 15:59 | Build | Stone Wall |
| 16:00 | Build | Stone Wall |
| 16:01 | Build | Stone Wall |
| 16:06 | Build | Stone Wall |
| 16:13 | Create | Villager (Male) |
| 16:13 | Create | Villager (Male) |
| 16:26 | Create | Villager (Male) |
| 16:38 | Build | Market |
| 16:40 | Build | House |
| 16:40 | Build | House |
| 16:41 | Build | House |
| 16:42 | Build | House |
| 17:05 | Build | Palisade Gate |
| 17:22 | Build | Donjon |
| 17:59 | Build | Stone Wall |
| 18:03 | Build | Stone Wall |
| 19:12 | Build | Donjon |
| 19:13 | Build | Lumber Camp |
| 19:17 | Build | Mining Camp |
| 19:17 | Create | Villager (Male) |
| 19:17 | Create | Villager (Male) |
| 19:19 | Build | Farm |
| 19:22 | Build | Farm |
| 19:33 | Build | Stone Wall |
| 19:35 | Research | Fletching |
| 19:35 | Research | Fletching |
| 19:53 | Build | Donjon |
| 20:00 | Create | Villager (Male) |
| 20:15 | Build | Mining Camp |
| 20:26 | Build | Palisade Wall |
| 20:36 | Build | Palisade Wall |
| 20:42 | Create | Villager (Male) |
| 21:07 | Build | Mining Camp |
| 21:14 | Build | Mill |
| 21:16 | Create | Villager (Male) |
| 21:16 | Create | Villager (Male) |
| 21:30 | Build | House |
| 21:30 | Build | House |
| 21:42 | Build | Stone Wall |
| 21:54 | Build | House |
| 22:06 | Build | Mill |
| 22:08 | Create | Villager (Male) |
| 22:08 | Create | Villager (Male) |
| 22:24 | Build | Mining Camp |
| 22:37 | Create | Spearman ×5 |
| 22:46 | Build | House |
| 22:48 | Build | Palisade Wall |
| 22:49 | Build | House |
| 23:16 | Build | House |
| 23:18 | Build | Palisade Wall |
| 23:20 | Build | House |
| 23:22 | Build | Palisade Wall |
| 24:46 | Build | Town Center |
| 25:15 | Create | Spearman |
| 25:17 | Create | Spearman |
| 25:18 | Create | Spearman |
| 25:37 | Build | House |
| 25:43 | Create | Villager (Male) |
| 25:43 | Create | Villager (Male) |
| 25:48 | Create | Spearman ×5 |
| 25:49 | Research | Scale Mail Armor |
| 26:51 | Build | House |
| 26:53 | Build | House |
| 26:55 | Build | House |
| 26:59 | Create | Villager (Male) |
| 26:59 | Create | Villager (Male) |
| 27:31 | Build | Farm |
| 27:33 | Build | Farm |
| 27:43 | Build | House |
Build order — guillomee.11
First 150 of 768 actions detected
| 0:14 | Build | Town Center |
| 0:19 | Build | House |
| 2:18 | Create | Villager (Male) |
| 2:18 | Create | Villager (Male) |
| 2:19 | Create | Villager (Male) |
| 2:19 | Create | Villager (Male) |
| 2:19 | Create | Villager (Male) |
| 2:23 | Build | House |
| 3:49 | Build | House |
| 3:50 | Build | House |
| 3:51 | Build | Palisade Wall |
| 4:03 | Create | Villager (Male) |
| 4:03 | Create | Villager (Male) |
| 4:04 | Create | Villager (Male) |
| 4:05 | Create | Villager (Male) |
| 4:17 | Build | Lumber Camp |
| 4:22 | Create | Villager (Male) |
| 4:23 | Create | Villager (Male) |
| 5:13 | Create | Villager (Male) |
| 5:13 | Create | Villager (Male) |
| 5:15 | Create | Villager (Male) |
| 5:16 | Create | Villager (Male) |
| 5:52 | Create | Villager (Male) |
| 5:52 | Create | Villager (Male) |
| 5:52 | Create | Villager (Male) |
| 6:43 | Create | Villager (Male) |
| 6:44 | Create | Villager (Male) |
| 7:02 | Build | Mill |
| 7:30 | Create | Villager (Male) |
| 7:45 | Build | House |
| 7:55 | Create | Villager (Male) |
| 8:16 | Create | Villager (Male) |
| 8:31 | Build | House |
| 8:41 | Build | House |
| 8:44 | Create | Villager (Male) |
| 8:51 | Build | House |
| 9:13 | Build | House |
| 9:22 | Create | Villager (Male) |
| 9:36 | Create | Villager (Male) |
| 10:02 | Build | Mining Camp |
| 10:05 | Create | Villager (Male) |
| 10:31 | Research | Loom |
| 10:38 | Research | Feudal Age |
| 10:38 | Research | Feudal Age |
| 10:51 | Build | House |
| 11:01 | Build | Lumber Camp |
| 11:05 | Build | House |
| 11:21 | Create | Villager (Male) |
| 11:29 | Build | House |
| 11:31 | Build | Palisade Wall |
| 11:34 | Build | Palisade Wall |
| 11:35 | Build | Palisade Wall |
| 11:38 | Build | Palisade Wall |
| 11:39 | Build | Palisade Wall |
| 11:50 | Build | Palisade Wall |
| 11:52 | Build | Palisade Wall |
| 12:04 | Create | Villager (Male) |
| 13:18 | Age | Feudal Age |
| 13:20 | Build | Market |
| 13:21 | Build | Palisade Wall |
| 13:36 | Build | Blacksmith |
| 13:38 | Build | Palisade Wall |
| 14:03 | Create | Villager (Male) |
| 14:07 | Build | House |
| 14:34 | Research | Castle Age |
| 14:48 | Build | Palisade Wall |
| 14:55 | Research | Double-Bit Axe |
| 15:09 | Build | Palisade Gate |
| 15:18 | Create | Villager (Male) |
| 15:39 | Build | Palisade Wall |
| 15:42 | Build | Palisade Wall |
| 16:51 | Create | Villager (Male) |
| 17:14 | Age | Castle Age |
| 17:16 | Build | Town Center |
| 17:21 | Create | Villager (Male) |
| 17:28 | Build | Town Center |
| 17:32 | Create | Villager (Male) |
| 17:40 | Build | Palisade Wall |
| 17:42 | Build | House |
| 17:46 | Create | Villager (Male) |
| 18:07 | Create | Villager (Male) |
| 18:20 | Build | Monastery |
| 18:22 | Create | Villager (Male) |
| 18:27 | Research | Town Watch |
| 18:28 | Create | Villager (Male) |
| 18:47 | Research | Wheelbarrow |
| 18:47 | Create | Villager (Male) |
| 18:47 | Create | Villager (Male) |
| 18:48 | Create | Villager (Male) |
| 18:53 | Create | Villager (Male) |
| 19:02 | Create | Villager (Male) |
| 19:09 | Create | Villager (Male) |
| 19:10 | Create | Monk |
| 19:29 | Build | House |
| 19:30 | Create | Villager (Male) |
| 19:45 | Build | Town Center |
| 19:48 | Create | Villager (Male) |
| 19:49 | Create | Villager (Male) |
| 19:56 | Build | House |
| 19:56 | Build | Palisade Wall |
| 20:04 | Create | Villager (Male) |
| 20:04 | Create | Villager (Male) |
| 20:15 | Research | Horse Collar |
| 20:16 | Create | Villager (Male) |
| 20:22 | Build | House |
| 20:30 | Create | Villager (Male) |
| 20:30 | Create | Villager (Male) |
| 20:44 | Create | Villager (Male) |
| 20:44 | Create | Villager (Male) |
| 20:54 | Create | Villager (Male) |
| 20:54 | Create | Villager (Male) |
| 21:00 | Build | Farm |
| 21:00 | Build | Farm |
| 21:00 | Build | Farm |
| 21:06 | Build | House |
| 21:07 | Create | Villager (Male) |
| 21:17 | Create | Villager (Male) |
| 21:17 | Create | Villager (Male) |
| 21:19 | Build | House |
| 21:21 | Create | Villager (Male) |
| 21:21 | Create | Villager (Male) |
| 21:22 | Create | Villager (Male) |
| 21:24 | Create | Villager (Male) |
| 21:25 | Create | Villager (Male) |
| 21:26 | Create | Villager (Male) |
| 21:26 | Create | Villager (Male) |
| 21:32 | Build | Farm |
| 21:33 | Build | Farm |
| 21:37 | Build | Farm |
| 21:43 | Create | Villager (Male) |
| 21:50 | Create | Villager (Male) |
| 21:50 | Create | Villager (Male) |
| 21:50 | Create | Villager (Male) |
| 21:51 | Create | Villager (Male) |
| 21:53 | Build | House |
| 21:56 | Build | Palisade Wall |
| 21:56 | Build | Palisade Wall |
| 21:58 | Build | Palisade Wall |
| 21:59 | Create | Villager (Male) |
| 21:59 | Create | Villager (Male) |
| 22:01 | Create | Villager (Male) |
| 22:01 | Create | Villager (Male) |
| 22:08 | Build | Farm |
| 22:11 | Build | Farm |
| 22:21 | Build | House |
| 22:21 | Build | House |
| 22:22 | Build | House |
| 22:23 | Create | Villager (Male) |
| 22:23 | Create | Villager (Male) |
| 22:34 | Create | Villager (Male) |
Build order — The Get Sum
First 150 of 673 actions detected
| 0:09 | Build | Town Center |
| 1:32 | Build | House |
| 2:16 | Create | Villager (Male) ×4 |
| 2:17 | Create | Villager (Male) ×4 |
| 3:13 | Research | Loom |
| 3:14 | Create | Villager (Male) |
| 3:14 | Create | Villager (Male) |
| 3:14 | Create | Villager (Male) |
| 3:49 | Create | Villager (Male) |
| 3:49 | Create | Villager (Male) |
| 3:55 | Build | House |
| 3:58 | Build | House |
| 4:28 | Create | Villager (Male) |
| 4:29 | Create | Villager (Male) |
| 5:11 | Create | Villager (Male) |
| 5:11 | Create | Villager (Male) |
| 5:12 | Create | Villager (Male) |
| 5:22 | Build | Lumber Camp |
| 5:32 | Create | Villager (Male) |
| 5:33 | Create | Villager (Male) |
| 5:33 | Create | Villager (Male) |
| 6:04 | Create | Villager (Male) |
| 6:04 | Create | Villager (Male) |
| 6:10 | Build | House |
| 6:53 | Create | Villager (Male) |
| 7:12 | Create | Villager (Male) |
| 7:51 | Create | Villager (Male) |
| 7:58 | Build | Mining Camp |
| 8:03 | Build | House |
| 8:12 | Create | Villager (Male) |
| 8:37 | Create | Villager (Male) |
| 9:13 | Create | Villager (Male) |
| 9:25 | Build | Mill |
| 9:28 | Build | House |
| 10:48 | Research | Feudal Age |
| 10:48 | Research | Feudal Age |
| 11:17 | Build | House |
| 12:19 | Create | Villager (Male) |
| 12:19 | Create | Villager (Male) |
| 12:58 | Age | Feudal Age |
| 13:00 | Build | Market |
| 13:01 | Build | Blacksmith |
| 13:50 | Research | Castle Age |
| 13:51 | Research | Castle Age |
| 14:10 | Build | Barracks |
| 14:20 | Research | Double-Bit Axe |
| 15:03 | Create | Villager (Male) |
| 15:19 | Create | Villager (Male) |
| 15:26 | Build | Barracks |
| 15:47 | Research | Gold Mining |
| 15:56 | Build | Barracks |
| 16:27 | Research | Man-at-Arms (upgrade) |
| 16:29 | Research | Scale Barding Armor |
| 16:30 | Age | Castle Age |
| 16:32 | Research | Scale Mail Armor |
| 16:45 | Create | Militia |
| 16:52 | Build | Barracks |
| 17:01 | Build | House |
| 17:06 | Create | Militia |
| 17:08 | Create | Villager (Male) |
| 17:16 | Build | Mill |
| 17:29 | Create | Militia |
| 17:29 | Create | Militia |
| 17:44 | Research | Long Swordsman (upgrade) |
| 17:45 | Research | Long Swordsman (upgrade) |
| 17:47 | Create | Villager (Male) |
| 18:01 | Build | House |
| 18:03 | Create | Villager (Male) |
| 18:05 | Create | Militia |
| 18:05 | Create | Militia |
| 18:17 | Create | Militia |
| 18:18 | Create | Militia |
| 18:34 | Create | Militia |
| 18:34 | Create | Militia |
| 18:40 | Create | Militia |
| 18:40 | Create | Militia |
| 18:48 | Create | Militia |
| 18:48 | Create | Militia |
| 18:52 | Build | House |
| 19:10 | Create | Militia |
| 19:10 | Create | Militia |
| 19:14 | Build | House |
| 19:24 | Research | Chain Mail Armor |
| 19:25 | Research | Chain Mail Armor |
| 19:41 | Create | Militia |
| 19:50 | Create | Villager (Male) |
| 19:51 | Create | Militia |
| 19:51 | Create | Militia |
| 19:51 | Create | Militia |
| 19:51 | Create | Militia |
| 19:57 | Build | House |
| 20:16 | Create | Militia |
| 20:17 | Create | Militia |
| 20:17 | Create | Militia |
| 20:46 | Create | Villager (Male) |
| 20:47 | Create | Militia |
| 20:47 | Create | Militia |
| 20:48 | Create | Militia |
| 20:48 | Create | Militia |
| 21:05 | Build | Town Center |
| 21:20 | Create | Militia |
| 21:21 | Create | Militia |
| 21:21 | Create | Militia |
| 21:39 | Create | Villager (Male) |
| 21:51 | Build | Mill |
| 21:55 | Create | Villager (Male) |
| 21:56 | Create | Villager (Male) |
| 22:05 | Research | Forging |
| 22:05 | Research | Forging |
| 22:05 | Research | Forging |
| 22:19 | Create | Villager (Male) |
| 22:19 | Create | Villager (Male) |
| 22:20 | Create | Villager (Male) |
| 22:20 | Create | Villager (Male) |
| 22:54 | Create | Villager (Male) |
| 22:54 | Create | Villager (Male) |
| 22:54 | Create | Villager (Male) |
| 23:34 | Create | Villager (Male) |
| 23:34 | Create | Villager (Male) |
| 23:43 | Build | Town Center |
| 23:51 | Create | Villager (Male) |
| 23:51 | Create | Villager (Male) |
| 24:06 | Research | Horse Collar |
| 24:06 | Create | Villager (Male) |
| 24:07 | Create | Villager (Male) |
| 24:43 | Create | Villager (Male) |
| 24:43 | Create | Villager (Male) |
| 24:43 | Create | Villager (Male) |
| 24:51 | Create | Villager (Male) |
| 24:51 | Create | Villager (Male) |
| 24:51 | Create | Villager (Male) |
| 25:03 | Build | Town Center |
| 25:57 | Create | Villager (Male) |
| 25:57 | Create | Villager (Male) |
| 25:57 | Create | Villager (Male) |
| 25:57 | Create | Villager (Male) |
| 25:58 | Create | Villager (Male) |
| 26:13 | Create | Villager (Male) |
| 26:14 | Create | Villager (Male) |
| 26:14 | Create | Villager (Male) |
| 26:21 | Create | Villager (Male) |
| 26:21 | Create | Villager (Male) |
| 26:27 | Build | Farm |
| 26:27 | Build | Farm |
| 26:27 | Build | Farm |
| 26:28 | Build | Farm |
| 26:28 | Build | Farm |
| 26:28 | Build | Farm |
| 26:28 | Build | Farm |
| 26:29 | Build | Farm |
Build order — TAG_Sitaux
First 150 of 555 actions detected
| 0:29 | Build | Town Center |
| 2:14 | Build | House |
| 2:42 | Create | Villager (Male) |
| 2:42 | Create | Villager (Male) |
| 2:42 | Create | Villager (Male) |
| 2:42 | Create | Villager (Male) |
| 3:51 | Create | Villager (Male) |
| 3:51 | Create | Villager (Male) |
| 4:09 | Build | House |
| 4:28 | Create | Villager (Male) |
| 4:47 | Create | Villager (Male) |
| 4:51 | Build | Lumber Camp |
| 5:40 | Create | Villager (Male) |
| 5:40 | Create | Villager (Male) |
| 5:56 | Build | House |
| 5:58 | Create | Villager (Male) |
| 5:58 | Create | Villager (Male) |
| 6:21 | Create | Villager (Male) |
| 6:37 | Create | Villager (Male) |
| 6:37 | Create | Villager (Male) |
| 7:00 | Create | Villager (Male) |
| 7:00 | Create | Villager (Male) |
| 7:14 | Create | Villager (Male) |
| 7:14 | Create | Villager (Male) |
| 7:27 | Build | Mill |
| 7:35 | Build | House |
| 7:42 | Create | Villager (Male) |
| 8:24 | Create | Villager (Male) |
| 8:58 | Create | Villager (Male) |
| 9:04 | Build | Mining Camp |
| 9:21 | Create | Villager (Male) |
| 9:49 | Create | Villager (Male) |
| 10:20 | Create | Villager (Male) |
| 10:43 | Research | Feudal Age |
| 10:44 | Research | Feudal Age |
| 11:08 | Build | Mining Camp |
| 11:56 | Create | Villager (Male) |
| 11:57 | Research | Loom |
| 12:55 | Age | Feudal Age |
| 12:59 | Build | Watch Tower |
| 13:02 | Build | Market |
| 13:07 | Build | Blacksmith |
| 13:40 | Create | Villager (Male) |
| 14:14 | Research | Castle Age |
| 14:14 | Research | Castle Age |
| 14:35 | Build | House |
| 14:37 | Build | Palisade Wall |
| 14:40 | Build | Palisade Wall |
| 14:42 | Build | Palisade Wall |
| 15:13 | Research | Double-Bit Axe |
| 15:13 | Research | Double-Bit Axe |
| 16:14 | Build | Outpost |
| 16:25 | Build | House |
| 16:54 | Age | Castle Age |
| 16:57 | Create | Villager (Male) |
| 17:04 | Build | Castle |
| 17:09 | Build | House |
| 17:11 | Build | House |
| 17:13 | Build | House |
| 17:15 | Build | House |
| 17:17 | Build | House |
| 17:19 | Build | House |
| 17:21 | Build | Palisade Wall |
| 17:23 | Build | Palisade Wall |
| 17:28 | Create | Villager (Male) |
| 17:35 | Create | Villager (Male) |
| 17:43 | Create | Villager (Male) |
| 18:05 | Create | Villager (Male) |
| 18:43 | Create | Villager (Male) |
| 19:02 | Create | Throwing Axeman |
| 19:25 | Build | Town Center |
| 19:39 | Build | Mill |
| 20:02 | Create | Throwing Axeman |
| 20:02 | Create | Throwing Axeman |
| 20:02 | Create | Throwing Axeman |
| 20:39 | Build | Farm |
| 20:47 | Create | Villager (Male) |
| 20:56 | Build | Farm |
| 20:58 | Build | Farm |
| 21:04 | Build | Farm |
| 21:19 | Build | Farm |
| 21:29 | Build | Farm |
| 21:39 | Build | Farm |
| 21:49 | Create | Villager (Male) |
| 21:49 | Create | Villager (Male) |
| 21:52 | Build | Farm |
| 21:56 | Create | Villager (Male) |
| 21:57 | Build | Farm |
| 22:23 | Create | Villager (Male) |
| 22:40 | Create | Throwing Axeman |
| 22:41 | Create | Throwing Axeman |
| 22:56 | Build | Lumber Camp |
| 23:22 | Build | Mill |
| 23:37 | Build | Mining Camp |
| 24:14 | Create | Throwing Axeman |
| 24:15 | Create | Throwing Axeman |
| 25:03 | Build | Farm |
| 25:05 | Build | Farm |
| 25:06 | Build | Farm |
| 25:17 | Create | Throwing Axeman |
| 25:17 | Create | Throwing Axeman |
| 25:20 | Build | Lumber Camp |
| 25:32 | Build | House |
| 26:00 | Build | House |
| 26:05 | Build | House |
| 26:07 | Build | House |
| 26:08 | Build | Farm |
| 26:20 | Build | Palisade Gate |
| 26:29 | Build | Palisade Gate |
| 26:48 | Create | Throwing Axeman |
| 26:48 | Create | Throwing Axeman |
| 26:53 | Build | Farm |
| 27:09 | Build | Mining Camp |
| 27:21 | Create | Throwing Axeman |
| 27:41 | Build | Mill |
| 27:42 | Build | Farm |
| 27:45 | Build | Farm |
| 28:12 | Create | Throwing Axeman |
| 28:12 | Create | Throwing Axeman |
| 28:39 | Build | Town Center |
| 29:41 | Create | Villager (Male) |
| 29:45 | Create | Villager (Male) |
| 30:01 | Create | Villager (Male) |
| 30:08 | Create | Villager (Male) |
| 30:08 | Create | Villager (Male) |
| 30:30 | Build | Town Center |
| 30:42 | Create | Throwing Axeman |
| 30:42 | Create | Throwing Axeman |
| 30:45 | Build | Farm |
| 30:47 | Build | Farm |
| 30:48 | Build | Farm |
| 30:56 | Build | Farm |
| 30:59 | Create | Villager (Male) |
| 30:59 | Create | Villager (Male) |
| 31:18 | Create | Villager (Male) |
| 31:34 | Build | Farm |
| 31:48 | Create | Villager (Male) |
| 31:55 | Build | Mill |
| 31:56 | Create | Villager (Male) |
| 32:18 | Create | Villager (Male) |
| 32:18 | Create | Villager (Male) |
| 32:30 | Create | Villager (Male) |
| 32:41 | Create | Villager (Male) |
| 32:48 | Create | Villager (Male) |
| 33:27 | Create | Villager (Male) |
| 33:28 | Create | Villager (Male) |
| 33:28 | Create | Villager (Male) |
| 33:33 | Build | Town Center |
| 33:52 | Create | Villager (Male) |
| 33:52 | Create | Villager (Male) |
Build order — Sunny Day
First 150 of 227 actions detected
| 0:12 | Build | Town Center |
| 1:58 | Build | House |
| 2:38 | Create | Villager (Male) ×3 |
| 2:58 | Research | Loom |
| 2:58 | Create | Villager (Male) ×2 |
| 3:28 | Create | Villager (Male) |
| 3:46 | Build | House |
| 4:04 | Create | Villager (Male) |
| 4:36 | Create | Villager (Male) |
| 5:30 | Create | Villager (Male) |
| 5:47 | Create | Villager (Male) |
| 5:48 | Create | Villager (Male) |
| 6:08 | Build | Lumber Camp |
| 6:13 | Create | Villager (Male) |
| 6:21 | Create | Villager (Male) |
| 6:22 | Create | Villager (Male) |
| 6:33 | Build | House |
| 6:46 | Create | Villager (Male) |
| 6:47 | Create | Villager (Male) |
| 6:47 | Create | Villager (Male) |
| 7:43 | Build | House |
| 7:51 | Create | Villager (Male) |
| 8:07 | Create | Villager (Male) |
| 8:39 | Build | Mining Camp |
| 8:51 | Create | Villager (Male) |
| 8:51 | Create | Villager (Male) |
| 9:28 | Create | Villager (Male) |
| 9:28 | Create | Villager (Male) |
| 10:22 | Research | Feudal Age |
| 10:22 | Research | Feudal Age |
| 10:42 | Create | Villager (Male) |
| 10:47 | Build | Mining Camp |
| 11:31 | Build | Mining Camp |
| 11:47 | Build | Mill |
| 12:43 | Age | Feudal Age |
| 12:47 | Build | Market |
| 13:04 | Create | Villager (Male) |
| 13:41 | Build | Blacksmith |
| 14:01 | Create | Villager (Male) |
| 14:38 | Build | Palisade Wall |
| 14:49 | Research | Castle Age |
| 15:13 | Build | Mining Camp |
| 16:00 | Research | Double-Bit Axe |
| 16:02 | Build | House |
| 17:29 | Age | Castle Age |
| 18:01 | Create | Villager (Male) |
| 18:13 | Build | Castle |
| 18:21 | Build | House |
| 18:27 | Research | Fletching |
| 18:27 | Research | Fletching |
| 18:57 | Create | Plumed Archer |
| 18:57 | Create | Plumed Archer |
| 19:25 | Create | Villager (Male) |
| 19:25 | Create | Villager (Male) |
| 19:46 | Create | Plumed Archer |
| 19:46 | Create | Plumed Archer |
| 20:06 | Build | Town Center |
| 20:15 | Create | Plumed Archer |
| 20:15 | Create | Plumed Archer |
| 20:16 | Create | Plumed Archer |
| 20:51 | Create | Plumed Archer |
| 21:03 | Create | Villager (Male) |
| 21:09 | Create | Plumed Archer |
| 21:09 | Create | Plumed Archer |
| 21:17 | Create | Villager (Male) |
| 21:26 | Build | Farm |
| 21:27 | Build | Farm |
| 21:39 | Create | Plumed Archer |
| 21:40 | Create | Plumed Archer |
| 21:40 | Create | Plumed Archer |
| 22:01 | Create | Plumed Archer |
| 22:01 | Create | Plumed Archer |
| 22:15 | Create | Villager (Male) |
| 22:15 | Create | Villager (Male) |
| 22:19 | Create | Plumed Archer |
| 22:19 | Create | Plumed Archer |
| 22:24 | Build | Farm |
| 22:37 | Create | Villager (Male) |
| 22:37 | Create | Villager (Male) |
| 22:53 | Create | Plumed Archer |
| 22:53 | Create | Plumed Archer |
| 22:55 | Create | Villager (Male) |
| 22:55 | Create | Villager (Male) |
| 22:57 | Build | Farm |
| 22:58 | Build | Farm |
| 23:21 | Create | Plumed Archer |
| 23:21 | Create | Plumed Archer |
| 23:21 | Create | Plumed Archer |
| 23:33 | Create | Villager (Male) ×2 |
| 24:17 | Create | Villager (Male) |
| 24:17 | Create | Villager (Male) |
| 24:17 | Create | Villager (Male) |
| 24:17 | Create | Villager (Male) |
| 24:22 | Research | Bodkin Arrow |
| 24:22 | Research | Bodkin Arrow |
| 24:25 | Create | Plumed Archer |
| 24:26 | Create | Plumed Archer |
| 24:41 | Create | Villager (Male) |
| 24:41 | Create | Villager (Male) |
| 24:44 | Build | Farm |
| 24:45 | Build | Farm |
| 24:45 | Build | Farm |
| 24:48 | Build | Farm |
| 24:54 | Create | Plumed Archer |
| 24:54 | Create | Plumed Archer |
| 24:54 | Create | Plumed Archer |
| 25:07 | Create | Villager (Male) |
| 25:08 | Create | Villager (Male) |
| 25:19 | Build | House |
| 25:19 | Build | House |
| 25:19 | Build | House |
| 25:50 | Create | Plumed Archer |
| 25:50 | Create | Plumed Archer |
| 26:21 | Research | Wheelbarrow |
| 26:21 | Research | Town Watch |
| 26:22 | Research | Town Watch |
| 26:22 | Create | Villager (Male) |
| 26:22 | Create | Villager (Male) |
| 26:31 | Build | House |
| 26:41 | Build | Siege Workshop |
| 27:08 | Create | Villager (Male) |
| 27:08 | Create | Villager (Male) |
| 27:08 | Create | Villager (Male) |
| 27:16 | Create | Plumed Archer |
| 27:16 | Create | Plumed Archer |
| 27:16 | Create | Plumed Archer |
| 27:17 | Create | Plumed Archer |
| 27:18 | Create | Villager (Male) |
| 27:18 | Create | Villager (Male) |
| 27:29 | Create | Villager (Male) |
| 27:30 | Create | Villager (Male) |
| 28:01 | Create | Mangonel |
| 28:06 | Create | Villager (Male) ×2 |
| 28:06 | Create | Villager (Male) ×2 |
| 28:11 | Build | Farm |
| 28:34 | Create | Villager (Male) |
| 28:42 | Create | Villager (Male) |
| 28:42 | Create | Villager (Male) |
| 28:49 | Build | House |
| 29:00 | Create | Scorpion |
| 29:20 | Create | Villager (Male) |
| 29:20 | Create | Villager (Male) |
| 29:26 | Build | House |
| 29:26 | Build | House |
| 29:36 | Build | Town Center |
| 29:42 | Build | Town Center |
| 30:13 | Create | Plumed Archer |
| 30:13 | Create | Plumed Archer |
| 30:14 | Create | Plumed Archer |
| 30:14 | Create | Plumed Archer |
Build order — elloulito
First 150 of 496 actions detected
| 0:16 | Build | House |
| 0:24 | Build | Town Center |
| 2:52 | Create | Villager (Male) |
| 2:53 | Create | Villager (Male) |
| 2:53 | Create | Villager (Male) |
| 2:53 | Create | Villager (Male) |
| 3:53 | Create | Villager (Male) |
| 3:53 | Create | Villager (Male) |
| 3:59 | Build | Lumber Camp |
| 4:11 | Build | House |
| 4:25 | Create | Villager (Male) |
| 4:25 | Create | Villager (Male) |
| 5:02 | Create | Villager (Male) |
| 5:02 | Create | Villager (Male) |
| 5:33 | Create | Villager (Male) |
| 5:33 | Create | Villager (Male) |
| 5:44 | Create | Villager (Male) |
| 6:38 | Create | Villager (Male) |
| 6:38 | Create | Villager (Male) |
| 6:55 | Build | House |
| 6:58 | Create | Villager (Male) |
| 6:58 | Create | Villager (Male) |
| 6:58 | Create | Villager (Male) |
| 6:58 | Create | Villager (Male) |
| 7:33 | Create | Villager (Male) |
| 7:55 | Build | Mining Camp |
| 8:02 | Build | Mill |
| 9:06 | Research | Feudal Age |
| 9:33 | Build | Mining Camp |
| 9:39 | Research | Loom |
| 9:39 | Research | Loom |
| 9:46 | Create | Villager (Male) |
| 10:25 | Build | Barracks |
| 10:54 | Build | House |
| 11:18 | Age | Feudal Age |
| 11:22 | Build | Archery Range |
| 11:29 | Research | Double-Bit Axe |
| 11:29 | Research | Double-Bit Axe |
| 11:37 | Create | Villager (Male) |
| 12:06 | Build | Lumber Camp |
| 12:09 | Create | Villager (Male) |
| 12:10 | Create | Archer |
| 12:10 | Create | Archer |
| 12:22 | Create | Villager (Male) |
| 12:37 | Create | Archer |
| 12:42 | Build | Blacksmith |
| 12:57 | Create | Villager (Male) |
| 13:00 | Build | House |
| 13:22 | Create | Archer |
| 13:22 | Create | Archer |
| 13:39 | Create | Villager (Male) |
| 13:39 | Create | Villager (Male) |
| 13:56 | Create | Villager (Male) |
| 14:02 | Build | Archery Range |
| 14:05 | Create | Archer |
| 14:05 | Create | Archer |
| 14:37 | Create | Archer |
| 14:37 | Create | Archer |
| 14:46 | Create | Villager (Male) |
| 14:46 | Create | Villager (Male) |
| 14:54 | Build | House |
| 14:55 | Build | House |
| 15:01 | Build | Market |
| 15:15 | Create | Villager (Male) |
| 15:15 | Create | Villager (Male) |
| 15:18 | Build | House |
| 15:25 | Create | Archer |
| 15:26 | Create | Archer |
| 15:31 | Build | House |
| 15:37 | Create | Villager (Male) |
| 15:52 | Build | House |
| 15:54 | Create | Archer |
| 15:54 | Create | Archer |
| 16:19 | Research | Fletching |
| 16:19 | Research | Fletching |
| 16:24 | Create | Villager (Male) |
| 16:24 | Create | Villager (Male) |
| 16:38 | Create | Villager (Male) |
| 16:38 | Create | Villager (Male) |
| 16:46 | Build | Lumber Camp |
| 17:20 | Create | Archer |
| 17:21 | Create | Archer |
| 17:22 | Create | Villager (Male) |
| 17:22 | Create | Villager (Male) |
| 17:39 | Create | Villager (Male) |
| 17:39 | Create | Villager (Male) |
| 17:46 | Build | Mill |
| 17:53 | Create | Archer |
| 17:53 | Create | Archer |
| 18:00 | Research | Padded Archer Armor |
| 18:00 | Research | Padded Archer Armor |
| 18:13 | Build | Watch Tower |
| 18:15 | Create | Skirmisher |
| 18:16 | Create | Skirmisher |
| 18:42 | Create | Skirmisher |
| 18:42 | Create | Skirmisher |
| 18:50 | Build | Mill |
| 19:00 | Create | Skirmisher |
| 19:00 | Create | Skirmisher |
| 19:06 | Create | Villager (Male) |
| 19:06 | Create | Villager (Male) |
| 19:20 | Research | Horse Collar |
| 19:21 | Research | Horse Collar |
| 19:36 | Create | Villager (Male) |
| 19:42 | Build | Farm |
| 19:48 | Create | Skirmisher |
| 19:49 | Create | Skirmisher |
| 19:53 | Create | Skirmisher |
| 19:53 | Create | Skirmisher |
| 19:53 | Create | Skirmisher |
| 20:25 | Create | Villager (Male) |
| 20:29 | Create | Skirmisher |
| 20:29 | Create | Skirmisher |
| 20:30 | Create | Skirmisher |
| 20:52 | Create | Villager (Male) |
| 20:52 | Create | Villager (Male) |
| 20:53 | Create | Villager (Male) |
| 21:02 | Build | Palisade Wall |
| 21:06 | Build | Palisade Wall |
| 21:08 | Build | Palisade Wall |
| 21:10 | Build | Palisade Wall |
| 21:15 | Research | Town Watch |
| 21:15 | Research | Town Watch |
| 21:15 | Create | Villager (Male) |
| 21:19 | Build | Mining Camp |
| 21:27 | Create | Skirmisher |
| 21:27 | Create | Skirmisher |
| 21:29 | Build | House |
| 21:33 | Build | Farm |
| 21:34 | Build | Farm |
| 21:35 | Build | Farm |
| 21:56 | Create | Villager (Male) |
| 22:01 | Build | Farm |
| 22:18 | Create | Villager (Male) |
| 22:58 | Build | Lumber Camp |
| 23:18 | Research | Castle Age |
| 23:30 | Create | Skirmisher |
| 23:30 | Create | Skirmisher |
| 23:30 | Create | Skirmisher |
| 23:33 | Build | House |
| 23:36 | Build | Watch Tower |
| 23:39 | Build | Archery Range |
| 24:49 | Build | House |
| 24:52 | Create | Skirmisher |
| 24:52 | Create | Skirmisher |
| 24:52 | Create | Skirmisher |
| 24:53 | Create | Skirmisher |
| 25:02 | Build | Palisade Gate |
| 25:16 | Create | Skirmisher |
| 25:16 | Create | Skirmisher |
Match timeline
| 3:51 | guillomee.11 · wall_segment Palisade Wall x1 |
| 8:13 | mamonie · first_building Donjon |
| 9:57 | Pelopincho · first_building Dock |
| 10:25 | elloulito · first_building Barracks |
| 10:54 | mamonie · wall_segment Palisade Wall x1 |
| 10:54 | mamonie · wall_segment Palisade Wall x1 |
| 10:54 | mamonie · wall_segment Palisade Wall x1 |
| 11:04 | Pelopincho · first_building Barracks |
| 11:12 | mamonie · wall_segment Palisade Wall x4 |
| 11:14 | mamonie · wall_segment Palisade Wall x8 |
| 11:18 | elloulito · age_up feudal |
| 11:22 | elloulito · first_building Archery Range |
| 11:26 | mamonie · wall_segment Palisade Wall x1 |
| 11:27 | mamonie · wall_segment Palisade Wall x1 |
| 11:27 | mamonie · wall_segment Palisade Wall x1 |
| 11:28 | mamonie · wall_segment Palisade Wall x1 |
| 11:29 | mamonie · wall_segment Palisade Wall x1 |
| 11:29 | mamonie · wall_segment Palisade Wall x1 |
| 11:30 | mamonie · wall_segment Palisade Wall x1 |
| 11:31 | mamonie · wall_segment Palisade Wall x1 |
| 11:31 | guillomee.11 · wall_segment Palisade Wall x1 |
| 11:32 | mamonie · wall_segment Palisade Wall x1 |
| 11:34 | guillomee.11 · wall_segment Palisade Wall x7 |
| 11:35 | guillomee.11 · wall_segment Palisade Wall x2 |
| 11:38 | guillomee.11 · wall_segment Palisade Wall x2 |
| 11:39 | guillomee.11 · wall_segment Palisade Wall x2 |
| 11:50 | guillomee.11 · wall_segment Palisade Wall x1 |
| 11:52 | guillomee.11 · wall_segment Palisade Wall x16 |
| 12:05 | mamonie · wall_segment Palisade Wall x1 |
| 12:07 | mamonie · wall_segment Palisade Wall x1 |
| 12:23 | .... · age_up feudal |
| 12:43 | Sunny Day · age_up feudal |
| 12:44 | mamonie · age_up feudal |
| 12:47 | .... · wall_segment Palisade Wall x3 |
| 12:55 | TAG_Sitaux · age_up feudal |
| 12:58 | The Get Sum · age_up feudal |
| 13:02 | mamonie · wall_segment Stone Wall x1 |
| 13:03 | Pelopincho · age_up feudal |
| 13:04 | mamonie · wall_segment Stone Wall x1 |
| 13:18 | guillomee.11 · age_up feudal |
| 13:20 | mamonie · wall_segment Stone Wall x1 |
| 13:21 | guillomee.11 · wall_segment Palisade Wall x1 |
| 13:22 | mamonie · wall_segment Stone Wall x1 |
| 13:25 | mamonie · wall_segment Stone Wall x1 |
| 13:38 | guillomee.11 · wall_segment Palisade Wall x1 |
| 13:39 | mamonie · wall_segment Stone Wall x1 |
| 14:04 | Pelopincho · first_building Stable |
| 14:10 | The Get Sum · first_building Barracks |
| 14:12 | TAG_Sitaux · first_market_sell 100 food |
| 14:37 | TAG_Sitaux · wall_segment Palisade Wall x1 |
| 14:38 | Sunny Day · wall_segment Palisade Wall x1 |
| 14:40 | TAG_Sitaux · wall_segment Palisade Wall x1 |
| 14:42 | TAG_Sitaux · wall_segment Palisade Wall x1 |
| 14:48 | guillomee.11 · wall_segment Palisade Wall x5 |
| 15:39 | guillomee.11 · wall_segment Palisade Wall x6 |
| 15:42 | guillomee.11 · wall_segment Palisade Wall x6 |
| 15:54 | The Get Sum · first_market_buy 100 wood |
| 15:59 | mamonie · wall_segment Stone Wall x1 |
| 16:00 | mamonie · wall_segment Stone Wall x1 |
| 16:01 | mamonie · wall_segment Stone Wall x1 |
| 16:03 | .... · age_up castle |
| 16:06 | mamonie · wall_segment Stone Wall x1 |
| 16:11 | .... · first_building Castle |
| 16:22 | elloulito · first_market_sell 100 wood |
| 16:23 | elloulito · first_market_buy 100 food |
| 16:30 | The Get Sum · age_up castle |
| 16:54 | TAG_Sitaux · age_up castle |
| 17:01 | Pelopincho · wall_segment Palisade Wall x1 |
| 17:04 | TAG_Sitaux · first_building Castle |
| 17:05 | Pelopincho · wall_segment Palisade Wall x3 |
| 17:14 | guillomee.11 · age_up castle |
| 17:21 | TAG_Sitaux · wall_segment Palisade Wall x1 |
| 17:23 | TAG_Sitaux · wall_segment Palisade Wall x1 |
| 17:25 | Sunny Day · first_market_sell 100 wood |
| 17:29 | Sunny Day · age_up castle |
| 17:40 | guillomee.11 · wall_segment Palisade Wall x1 |
| 17:59 | mamonie · wall_segment Stone Wall x1 |
| 18:03 | mamonie · wall_segment Stone Wall x1 |
| 18:13 | Sunny Day · first_building Castle |
| 18:20 | guillomee.11 · first_building Monastery |
| 19:08 | The Get Sum · first_market_sell 100 wood |
| 19:08 | guillomee.11 · first_market_buy 100 stone |
| 19:33 | mamonie · wall_segment Stone Wall x1 |
| 19:42 | mamonie · first_market_buy 100 stone |
| 19:56 | guillomee.11 · wall_segment Palisade Wall x1 |
| 20:01 | TAG_Sitaux · first_market_buy 100 food |
| 20:26 | mamonie · wall_segment Palisade Wall x1 |
| 20:36 | mamonie · wall_segment Palisade Wall x1 |
| 21:02 | elloulito · wall_segment Palisade Wall x1 |
| 21:06 | elloulito · wall_segment Palisade Wall x2 |
| 21:08 | elloulito · wall_segment Palisade Wall x7 |
| 21:09 | Pelopincho · age_up castle |
| 21:10 | elloulito · wall_segment Palisade Wall x2 |
| 21:10 | .... · first_market_buy 100 wood |
| 21:42 | mamonie · wall_segment Stone Wall x8 |
| 21:56 | guillomee.11 · wall_segment Palisade Wall x6 |
| 21:56 | guillomee.11 · wall_segment Palisade Wall x1 |
| 21:58 | guillomee.11 · wall_segment Palisade Wall x6 |
| 22:38 | guillomee.11 · wall_segment Palisade Wall x1 |
| 22:48 | mamonie · wall_segment Palisade Wall x1 |
| 22:56 | Pelopincho · first_market_buy 100 food |
| 23:04 | .... · first_market_sell 100 stone |
| 23:05 | guillomee.11 · first_building Siege Workshop |
| 23:18 | mamonie · wall_segment Palisade Wall x1 |
| 23:22 | mamonie · wall_segment Palisade Wall x1 |
| 25:45 | guillomee.11 · first_building Castle |
| 25:58 | elloulito · age_up castle |
| 26:41 | Sunny Day · first_building Siege Workshop |
| 27:43 | guillomee.11 · first_building Barracks |
| 27:52 | mamonie · first_market_sell 500 wood |
| 28:36 | guillomee.11 · first_building Stable |
| 28:49 | mamonie · wall_segment Stone Wall x1 |
| 29:05 | mamonie · wall_segment Stone Wall x1 |
| 29:07 | mamonie · wall_segment Stone Wall x1 |
| 29:09 | mamonie · wall_segment Stone Wall x1 |
| 29:12 | mamonie · wall_segment Stone Wall x1 |
| 29:13 | mamonie · wall_segment Stone Wall x1 |
| 29:15 | mamonie · wall_segment Stone Wall x1 |
| 29:23 | Pelopincho · first_market_sell 100 food |
| 29:44 | .... · first_building Barracks |
| 29:46 | elloulito · first_building Castle |
| 29:53 | mamonie · wall_segment Stone Wall x1 |
| 30:28 | .... · first_building Stable |
| 31:50 | guillomee.11 · wall_segment Stone Wall x2 |
| 31:52 | guillomee.11 · wall_segment Stone Wall x2 |
| 31:53 | guillomee.11 · wall_segment Stone Wall x2 |
| 31:55 | guillomee.11 · wall_segment Stone Wall x2 |
| 32:04 | guillomee.11 · age_up imperial |
| 32:17 | The Get Sum · first_building Monastery |
| 32:58 | elloulito · first_building Monastery |
| 33:14 | mamonie · age_up castle |
| 33:29 | .... · age_up imperial |
| 33:36 | mamonie · wall_segment Stone Wall x1 |
| 33:41 | mamonie · wall_segment Stone Wall x1 |
| 33:45 | mamonie · wall_segment Stone Wall x1 |
| 34:35 | Pelopincho · first_building Siege Workshop |
| 34:49 | guillomee.11 · first_building Archery Range |
| 35:29 | Pelopincho · first_building Monastery |
| 35:45 | mamonie · wall_segment Palisade Wall x1 |
| 35:45 | Sunny Day · first_market_buy 100 stone |
| 36:00 | mamonie · wall_segment Stone Wall x1 |
| 36:09 | The Get Sum · age_up imperial |
| 36:22 | The Get Sum · first_building Castle |
| 37:01 | Sunny Day · first_building Barracks |
| 37:09 | Sunny Day · age_up imperial |
| 37:44 | guillomee.11 · first_market_sell 100 food |
| 38:33 | Pelopincho · age_up imperial |
| 38:33 | Pelopincho · first_building Castle |
| 39:08 | mamonie · first_building Castle |
| 40:45 | mamonie · wall_segment Stone Wall x1 |
| 40:46 | mamonie · wall_segment Stone Wall x1 |
| 40:47 | mamonie · wall_segment Stone Wall x1 |
| 40:51 | mamonie · wall_segment Stone Wall x1 |
| 40:52 | mamonie · wall_segment Stone Wall x1 |
| 41:00 | Sunny Day · resign |
| 41:08 | mamonie · wall_segment Stone Wall x1 |
| 41:10 | mamonie · wall_segment Stone Wall x1 |
| 41:13 | mamonie · wall_segment Stone Wall x1 |
| 41:15 | mamonie · wall_segment Stone Wall x1 |
| 41:32 | Pelopincho · tribute_sent a jugador 1 |
| 41:32 | Pelopincho · tribute_sent a jugador 3 |
| 41:32 | Pelopincho · tribute_sent a jugador 4 |
| 41:32 | Pelopincho · tribute_sent a jugador 5 |
| 41:32 | Pelopincho · tribute_sent a jugador 6 |
| 41:32 | Pelopincho · tribute_sent a jugador 7 |
| 41:32 | Pelopincho · tribute_sent a jugador 8 |
| 45:45 | elloulito · age_up imperial |
| 47:06 | mamonie · wall_segment Stone Wall x1 |
| 47:10 | mamonie · wall_segment Stone Wall x1 |
| 47:11 | mamonie · wall_segment Stone Wall x1 |
| 47:12 | mamonie · wall_segment Stone Wall x1 |
| 47:13 | mamonie · wall_segment Stone Wall x1 |
| 47:13 | mamonie · wall_segment Stone Wall x1 |
| 47:14 | mamonie · wall_segment Stone Wall x1 |
| 47:15 | mamonie · wall_segment Stone Wall x1 |
| 48:06 | TAG_Sitaux · first_building Barracks |
| 48:53 | TAG_Sitaux · first_building Stable |
| 50:50 | TAG_Sitaux · age_up imperial |
[ AI ANALYSIS · 1 CREDIT ]
What really happened in this match?
Wolo.gg analyzes every decision: build order, eco, micro, common mistakes by bracket. Personalized analysis on WhatsApp or Discord in 30 seconds.
Civ guide
Bengalis
Perfil
Jugador #82649